 Dungeon Crawl Stone Soup version 0.31-a0-885-gbe960a1 (webtiles) character file.

Game seed: 7505787934592310644

7641 kwebster the Carver (level 11, -2/86 HPs)
             Began as a Human Fighter on Oct 15, 2023.
             Was a Priest of Makhleb.
             Slain by a scorpion (3 damage)
             ... summoned by Amaemon
             ... on level 1 of the Lair of Beasts.
             The game lasted 01:24:04 (11088 turns).

kwebster the Carver (Human Fighter)                Turns: 11088, Time: 01:24:04

Health: -2/86      AC: 17    Str: 19    XL:     11   Next: 41%
Magic:  13/13      EV:  6    Int:  8    God:    Makhleb [***...]
Gold:   433        SH: 11    Dex: 13    Spells: 10/10 levels left

rFire   . . .        u - +1 scimitar (elec)
rCold   . . .        c - +0 buckler
rNeg    + . .        k - +1 plate armour
rPois   +            o - +0 helmet
rElec   .            (no cloak)
rCorr   .            (no gloves)
SInv    .            s - +0 pair of boots
Will    .....        d - amulet of reflection Stlth
                     f - ring of poison resistance
HPRegen 0.34/turn    r - ring of positive energy
MPRegen 0.13/turn

%: reflection
@: lethally poisoned (-2 -> -10), weakened
A: weak 1
a: Renounce Religion, Minor Destruction, Lesser Servant of Makhleb


You were on level 1 of the Lair of Beasts.
You worshipped Makhleb.
Makhleb was most pleased with you.
You visited 3 branches of the dungeon, and saw 13 of its levels.

You collected 475 gold pieces.
You spent 42 gold pieces at shops.

Inventory:

Hand Weapons
 a - a +0 long sword
 g - a +2 scythe of venom
 u - a +1 scimitar of electrocution (weapon)
Missiles
 q - 2 javelins
 y - a throwing net
Armour
 c - a +0 buckler (worn)
 h - a +2 robe of positive energy
 k - a +1 plate armour (worn)
 o - a +0 helmet (worn)
 s - a +0 pair of boots (worn)
 x - +0 steam dragon scales
Jewellery
 d - an amulet of reflection (around neck)
 f - a ring of poison resistance (left hand)
 n - a ring of poison resistance
 r - a ring of positive energy (right hand)
 v - a ring of poison resistance
 B - a ring of protection from fire
Talismans
 w - a beast talisman
Wands
 b - a wand of digging (1)
Scrolls
 l - a scroll of amnesia
 p - 3 scrolls of noise
 A - a scroll of silence
Potions
 i - 2 potions of mutation
 m - 2 potions of attraction
 t - a potion of magic
Miscellaneous
 e - a sack of spiders (inert)


   Skills:
 + Level 7.9 Fighting
 + Level 10.4 Long Blades
 + Level 8.8 Armour
 + Level 1.3 Dodging
 + Level 1.8 Stealth
 + Level 7.2 Shields
 + Level 3.2 Invocations
 + Level 1.8 Evocations


You had 10 spell levels left.
You didn't know any spells.
Your spell library contained the following spells:

 Spells                   Type           Power      Damage    Failure   Level
 Sandblast                Erth           0%         2d4       100%        1
 Blink                    Tloc           0%         N/A       100%        2
 Passwall                 Tmut/Erth      0%         N/A       100%        2
 Dazzling Flash           Conj/Hex       0%         N/A       100%        3
 Inner Flame              Hex/Fire       0%         N/A       100%        3
 Stone Arrow              Conj/Erth      0%         3d7       100%        3
 Volatile Blastmotes      Fire/Tloc      0%         2d10      100%        3
 Brom's Barrelling Bould  Conj/Erth      0%         2d3       100%        4
 Flame Wave               Conj/Fire      0%         2d4       100%        4
 Manifold Assault         Tloc           0%         N/A       100%        4
 Sticky Flame             Conj/Fire      0%         2d3       100%        4
 Starburst                Conj/Fire      0%         6d3       100%        6
 Maxwell's Capacitive Co  Air            0%         ∞         100%        8


Dungeon Overview and Level Annotations

Branches:
Dungeon (10/15)            Temple (1/1) D:4            Lair (2/5) D:10
  Swamp: Lair:2-3    Shoals: Lair:2-3     Snake: Lair:2-3    Spider: Lair:2-3
    Orc: D:9-12

Altars:
Ashenzari
Cheibriados
Dithmenos
Elyvilon
Fedhas
Gozag
Hepliaklqana
Kikubaaqudgha
Makhleb
Nemelex Xobeh
Okawaru
Qazlal
Ru
Sif Muna
Trog
Uskayaw
Vehumet
Wu Jian
Xom
Yredelemnul
Zin
The Shining One

Shops:
D:5 [   D:8 *

Annotations:
D:7 Jeremiah
Lair:1 Amaemon


Innate Abilities, Weirdness & Mutations

You are weak. (Str -2)


Message History

The orange demon stings you! You block the orange demon's attack.
The scorpion stings you. Amaemon hits you but does no damage.
You block Amaemon's attack. Amaemon tail-slaps you.
You closely miss Amaemon.
Amaemon is almost dead.
You block the scorpion's attack.
The scorpion stings you but does no damage.
The scorpion stings you. You block the orange demon's attack.
The orange demon hits you.
Amaemon hits you with a +0 demon whip of venom.
* * * LOW HITPOINT WARNING * * *
Amaemon claws you.
* * * LOW HITPOINT WARNING * * *
Amaemon tail-slaps you.
* * * LOW HITPOINT WARNING * * *
You hit the scorpion.
The scorpion is moderately wounded.
You block the scorpion's attack.
The scorpion stings you but does no damage.
You block the scorpion's attack.
The orange demon stings you but does no damage.
The orange demon hits you but does no damage.
Amaemon hits you with a +0 demon whip of venom!
* * * LOW HITPOINT WARNING * * *
You are lethally poisoned!
Amaemon claws you but does no damage.
Amaemon tail-slaps you but does no damage.
The scorpion stings you.
* * * LOW HITPOINT WARNING * * *
The scorpion barely misses you. The scorpion closely misses you.
You closely miss Amaemon.
Amaemon is almost dead.
* * * LOW HITPOINT WARNING * * *
You feel very sick. The orange demon barely misses you.
The orange demon hits you but does no damage.
Amaemon gestures at the orange demon while chanting.
The orange demon seems to grow toxic.
You block the scorpion's attack. The scorpion stings you.
You die...

**,,,,,,,,,,,,* #............
*,,,,,,,,,,,** *#....P......
*,,,,,,,,,,,,* ####....#......
*,,,,,,,,,,,,* #.#............
**,,,,,,,,,,,** #..........#.#.
***,*,*,,,,***#####......†.......
***,***,..#####...#..............
,**,***,.......s.s#......†.......
,,,,,,,,..!.....@.#.4.s......#.##
,,,,,,,,.......s64#..........#..#
***,,*,*###.P##................##
*,,**** #..#...##.............*
**,* ####........###......##..,
***,**##..#.P......#..##..#.....,
*,,,..........................,**
*,,,........................##**
*..,,...............####....#


You could see Amaemon, an orange demon (curare) and 3 scorpions.

Vanquished Creatures
  A two-headed ogre (D:8)
  3 elephants (Lair:1)
  A black mamba (Lair:1)
  A komodo dragon (Lair:1)
  2 rime drakes (Lair:1)
  A troll (D:9)
  Grinder (D:2)
  Sigmund (D:3)
  2 wyverns
  6 yaks (D:9)
  3 steam dragons
  A basilisk (D:10)
  Duvessa (D:5)
  3 orc warriors
  A black bear (D:5)
  2 ogres (D:6)
  5 centaurs
  A phantom (D:5)
  3 bullfrogs
  A scorpion (D:5)
  Dowan (D:5)
  A killer bee (D:9)
  2 jellies
  5 orc priests
  2 gnoll boudas
  6 hounds
  2 iguanas
  A sleepcap (D:6)
  Terence (D:2)
  7 orc wizards
  8 adders
  10 gnolls
  2 white imps
  4 ufetubi
  2 dart slugs
  2 worms (D:4)
  19 orcs
  4 ball pythons
  5 bats
  3 endoplasms
  8 giant cockroaches
  13 goblins
  9 hobgoblins
  8 jackals
  2 quokkas
  3 frilled lizards
  5 kobolds
  7 rats
  A spectral hobgoblin (D:6)
183 creatures vanquished.

Vanquished Creatures (collateral kills)
  A komodo dragon (D:10)
  An orc (D:7)
2 creatures vanquished.

Grand Total: 185 creatures vanquished

Notes
Turn   | Place    | Note
-------+----------+-------------------------------------------
     0 | D:1      | kwebster the Human Fighter began the quest for the Orb.
     0 | D:1      | Reached XP level 1. HP: 18/18 MP: 1/1
   468 | D:1      | Reached XP level 2. HP: 24/24 MP: 2/2
  1326 | D:2      | Reached XP level 3. HP: 27/29 MP: 3/3
  1815 | D:2      | Reached XP level 4. HP: 35/35 MP: 4/4
  1929 | D:2      | Noticed Terence
  1937 | D:2      | Killed Terence
  1938 | D:2      | Reached skill level 3 in Long Blades
  2192 | D:3      | Noticed Grinder
  2205 | D:2      | Killed Grinder
  2206 | D:2      | Reached skill level 4 in Long Blades
  2206 | D:2      | Reached XP level 5. HP: 17/42 MP: 5/5
  2206 | D:2      | Reached XP level 6. HP: 19/48 MP: 6/6
  2460 | D:3      | You fall into a shaft and drop 2 floors!
  2460 | D:5      | Entered Level 5 of the Dungeon
  2475 | D:3      | Noticed Sigmund
  2490 | D:4      | Found a staircase to the Ecumenical Temple.
  2518 | Temple   | Entered the Ecumenical Temple
  2733 | Temple   | Became a worshipper of Makhleb the Destroyer
  3220 | D:4      | Identified 2 scrolls of acquirement
  3220 | D:4      | Acquired a +1 antimagic scimitar
  3222 | D:4      | Gained mutation: You are weak. (Str -2) [potion of
                  | mutation]
  3265 | D:4      | Acquired an amulet of reflection
  3351 | D:4      | Reached XP level 7. HP: 53/53 MP: 2/7
  3892 | D:3      | Killed Sigmund
  3893 | D:3      | Reached skill level 5 in Armour
  4002 | D:3      | Reached skill level 5 in Long Blades
  4295 | D:5      | Noticed Duvessa
  4295 | D:5      | Noticed Dowan
  4442 | D:5      | Reached * piety under Makhleb
  4722 | D:5      | Killed Duvessa
  4723 | D:5      | Reached XP level 8. HP: 41/61 MP: 2/8
  4725 | D:5      | Killed Dowan
  4807 | D:5      | Found an ornate altar of the Wu Jian Council.
  5038 | D:5      | Found Ifoolergh's Armour Shop.
  5290 | D:5      | Reached skill level 6 in Long Blades
  5297 | D:5      | Reached skill level 5 in Fighting
  5559 | D:6      | Reached XP level 9. HP: 33/68 MP: 3/9
  5708 | D:6      | Reached skill level 1 in Evocations
  5730 | D:6      | Reached skill level 5 in Shields
  5737 | D:6      | Reached skill level 7 in Long Blades
  6016 | D:6      | Reached ** piety under Makhleb
  6017 | D:6      | HP: 3/68 [something/magic dart (8)]
  6359 | D:6      | Reached skill level 1 in Stealth
  6743 | D:6      | Found a hazy altar of Hepliaklqana.
  7445 | D:7      | Noticed Jeremiah
  7533 | D:8      | Found Mutwix's Assorted Antiques.
  7542 | D:8      | Bought a scroll of identify for 42 gold pieces
  7768 | D:8      | Reached skill level 8 in Long Blades
  7839 | D:8      | Reached skill level 1 in Dodging
  7991 | D:8      | Noticed a two-headed ogre
  8242 | D:8      | Found a shimmering altar of Xom.
  8511 | D:8      | Killed a two-headed ogre
  8512 | D:8      | Reached skill level 9 in Long Blades
  8512 | D:8      | Reached skill level 1 in Invocations
  8512 | D:8      | Reached XP level 10. HP: 23/76 MP: 3/11
  9529 | D:9      | Reached *** piety under Makhleb
 10288 | D:9      | Found a glowing silver altar of Zin.
 10450 | D:10     | Entered Level 10 of the Dungeon
 10508 | D:10     | Noticed a komodo dragon
 10554 | D:10     | Found a staircase to the Lair.
 10558 | D:10     | Killed a komodo dragon
 10572 | Lair:1   | Entered Level 1 of the Lair of Beasts
 10599 | Lair:1   | Noticed a rime drake
 10612 | Lair:1   | Killed a rime drake
 10613 | Lair:1   | Reached XP level 11. HP: 45/84 MP: 12/12
 10721 | Lair:1   | Reached skill level 10 in Long Blades
 10811 | Lair:1   | Noticed an elephant
 10814 | Lair:1   | Noticed Amaemon
 10818 | Lair:1   | Noticed an elephant
 10818 | Lair:1   | Noticed an elephant
 10838 | Lair:1   | Killed an elephant
 10843 | Lair:1   | Killed an elephant
 11073 | Lair:1   | Killed an elephant
 11087 | Lair:1   | HP: 4/86 [scorpion[Amaemon] (5)]
 11088 | Lair:1   | HP: 1/86 [poisoned by Amaemon]
 11088 | Lair:1   | Slain by a scorpion

Illustrated notes

Levels and vault maps discovered:
D:1:      lordsloth_arrival_two_stooges, layout_basic, serial_co_window_serial,
          co_window_of_opportunity_a, co_window_corner_a,
          co_window_of_opportunity_a, co_window_of_opportunity_a,
          co_window_corner_a, co_window_paths_c, co_window_of_opportunity_b,
          co_window_corner_b, co_window_unsneaky_path_a, co_window_paths_c,
          co_window_paths_e, co_window_sun, glass_columns_a
D:2:      layout_basic, uniq_terence
D:3:      layout_basic, uniq_sigmund, uniq_grinder
D:4:      layout_basic, temple_pool_b, minmay_misc_feat_four_crosses,
          minmay_goblin_outpost
D:5:      minmay_octagon_keep, layout_basic, nicolae_overflow_hidden_temple,
          serial_shops, nicolae_diamond_shop, uniq_duvessa
D:6:      layout_rooms, nicolae_hepliaklqana_monster_ancestors
D:7:      layout_basic, uniq_jeremiah
D:8:      layout_loops_ring, tgw_xom, serial_shops, nicolae_shop_dealshenge
D:9:      minmay_recursive_quarters, layout_basic, zin_scriptorium,
          kennysheep_big_empty_room, minmay_tree_intersection
D:10:     layout_cave_pools, david_lair_shrubbed, enter_bailey_2
Temple:   mainiacjoe_temple_bowtie_tessellation
Lair:1:   layout_gridlike, basic_altar, infiniplex_staircase_pool_2,
          serial_bayou_shore_a, uniq_amaemon
Lair:2:   layout_long_grid, kennysheep_rathole, grunt_megastairs_1

Skill      XL: |  1  2  3  4  5  6  7  8  9 10 11 |
---------------+----------------------------------+-----
Long Blades    | 4 5 6 9 10 | 10.4
Armour         | 4 5 6 8 |  8.8
Shields        | 4 6 7 |  7.2
Fighting       | 4 5 6 7 |  7.9
Evocations     | 1 |  1.8
Stealth        | 1 |  1.8
Dodging        | 1 |  1.3
Invocations    | 1 2 3 |  3.2

Action                     |  1- 3 |  4- 6 |  7- 9 | 10-12 || total
---------------------------+-------+-------+-------+-------++-------
  Melee: Long sword        |    94 |    85 |       |       ||   179
         Scimitar          |       |    13 |   380 |   217 ||   610
 Invoke: Minor Destruction |       |       |     6 |    10 ||    16
  Evoke: Wand              |       |       |    22 |     1 ||    23
         Sack of spiders   |       |       |     1 |     1 ||     2
    Use: Potion            |       |     8 |    13 |       ||    21
         Scroll            |       |     8 |    16 |     9 ||    33
   Stab: Invisible         |       |       |     1 |       ||     1
 Armour: Scale mail        |     8 |       |       |       ||     8
         Plate armour      |    98 |    81 |   371 |   257 ||   807
         Skin              |     2 |       |    16 |       ||    18
  Dodge: Dodged            |    40 |    14 |    96 |    61 ||   211
  Block: Buckler           |    42 |    24 |   245 |   157 ||   468
         Reflection        |       |       |     5 |     6 ||    11

Table legend: (Time is in decaauts)
 A = Elapsed time spent in this place.
 B = Non-inter-level travel time spent in this place.
 C = Inter-level travel time spent in this place.
 D = Time resting spent in this place.
 E = Time spent auto-exploring this place.
 F = Levels seen in this place.
 G = Mean time per level.
                   A        B        C        D        E       F      G
               +--------+--------+--------+--------+--------+-----+--------+
         Total |  11117 |   8937 |   2180 |   1090 |   5895 |  13 |  855.2 |
       Dungeon |  10301 |   8426 |   1875 |    773 |   5811 |  10 | 1030.1 |
        Temple |    301 |     10 |    291 |      0 |      0 |   1 |  301.0 |
          Lair |    515 |    502 |     13 |    317 |     83 |   2 |  257.5 |
               +--------+--------+--------+--------+--------+-----+--------+

Top non-repeatable levels by time:
     D:9: 1697 daAuts
     D:6: 1310 daAuts
     D:4: 1271 daAuts
     D:1: 1268 daAuts
     D:8: 1243 daAuts
     D:5: 1122 daAuts
     D:2: 1093 daAuts
     D:7: 606 daAuts
     D:3: 564 daAuts
  Temple: 301 daAuts
  Lair:1: 297 daAuts
  Lair:2: 217 daAuts
    D:10: 122 daAuts
